 Dungeon Crawl Stone Soup version 0.21-a0-426-g98080a9 (webtiles) character file.

558 tof the Slasher (level 7, -5/61 HPs)
             Began as a Minotaur Berserker on Nov 6, 2017.
             Was a Priest of Trog.
             Slain by a two-headed ogre
             ... wielding a +0 giant spiked club
              (14 damage)
             ... on level 4 of the Dungeon.
             The game lasted 00:03:48 (3722 turns).

tof the Slasher (Minotaur Berserker)                Turns: 3722, Time: 00:03:49

Health: -5/61      AC: 10    Str: 21    XL:     7   Next: 9%
Magic:  6/6        EV: 13    Int:  4    God:    Trog [***...]
Gold:   159        SH:  0    Dex: 12    Spells: 6/6 levels left

rFire    . . .     SeeInvis +   a - +0 falchion
rCold    + . .     Gourm    .   (no shield)
rNeg     . . .     Faith    .   t - +3 ring mail {rC+}
rPois    .         Spirit   .   (helmet restricted)
rElec    .         Reflect  .   (no cloak)
rCorr    .         Harm     .   (no gloves)
MR       ++...                  v - +0 pair of boots
Stlth    ..........             (no amulet)
HPRegen  1.20/turn              q - ring of loudness (curse)
MPRegen  0.10/turn              r - ring of see invisible

@: berserk cooldown, regenerating, slowed, very slow
A: retaliatory headbutt, horns 2
a: Berserk, Trog's Hand, Burn Spellbooks, Renounce Religion


You were on level 4 of the Dungeon.
You worshipped Trog.
Trog was most pleased with you.
You were very hungry.

You visited 1 branch of the dungeon, and saw 4 of its levels.

You collected 159 gold pieces.

Inventory:

Hand Weapons
 a - a +0 falchion (weapon)
Armour
 t - a +3 ring mail of cold resistance (worn)
 v - a +0 pair of boots (worn)
Jewellery
 q - a cursed ring of loudness (left hand)
 r - a ring of see invisible (right hand)
Wands
 s - a wand of flame (9/48)
Scrolls
 b - 2 scrolls of remove curse {unknown}
 d - 2 scrolls of amnesia {unknown}
 g - 3 scrolls of identify {unknown}
 j - 2 scrolls of fear {unknown}
 k - a scroll of enchant armour {unknown}
 m - 2 scrolls of teleportation {unknown}
 p - a scroll of noise {unknown}
 w - a scroll of fog {unknown}
Potions
 e - a potion of brilliance {unknown}
 h - 5 potions of lignification {unknown}
 i - 2 potions of agility {unknown}
 l - a potion of haste {unknown}
 n - 2 potions of heal wounds {unknown}
 o - 2 potions of curing {unknown}
Comestibles
 c - 2 bread rations
 f - 2 meat rations


   Skills:
 + Level 5.4 Fighting
 * Level 6.8 Long Blades
 + Level 4.6 Armour
 + Level 4.2 Dodging


You had 6 spell levels left.
You didn't know any spells.

Dungeon Overview and Level Annotations

Branches:
Dungeon (4/15)
 Temple: D:4-7

Altars:
Gozag
Kikubaaqudgha
Trog
Uskayaw


Innate Abilities, Weirdness & Mutations

You reflexively headbutt those who attack you in melee.
You have a pair of horns on your head.


Message History

You feel your anger nearly subside.
You are no longer berserk.
You are exhausted.
You feel yourself slow down.
The two-headed ogre hits you with a giant spiked club!
The two-headed ogre hits you with a giant club!
You slash the two-headed ogre!
The two-headed ogre is lightly wounded.
The two-headed ogre closely misses you. The two-headed ogre misses you.
You barely miss the two-headed ogre. You headbutt the two-headed ogre!
The two-headed ogre is moderately wounded.
The two-headed ogre hits you with a giant spiked club!!
* * * LOW HITPOINT WARNING * * *
The two-headed ogre misses you.
You hit the two-headed ogre.
Your headbutt misses the two-headed ogre.
The two-headed ogre is moderately wounded.
The two-headed ogre hits you with a giant spiked club!
* * * LOW HITPOINT WARNING * * *
The two-headed ogre hits you with a giant club!
You die...

...#...............#....###.#
#...............#....#... ##
..............#.# ..
..##.##.#......#.#
##....#..†.....# ...#
#.##..#### ...
###.###.##........#
....#...O.[.....#####.#
##....@........#
................#
....#.......###.# ###
##..........# .........######
..#......# .......##..
.....#.##### .####.


You could see a two-headed ogre.

Vanquished Creatures
  A phantom (D:4)
  The ghost of cedi the Shield-Bearer, an amateur MiFi of Trog (D:3)
  A bullfrog (D:4)
  An orc priest (D:4)
  2 orc wizards
  A worker ant (D:4)
  Ijyb (D:3)
  Robin (D:4)
  4 adders
  A gnoll (D:1)
  3 worms (D:2)
  6 leopard geckos
  12 orcs
  5 bats
  13 giant cockroaches
  16 goblins
  10 hobgoblins
  7 jackals
  8 kobolds
  2 quokkas
  2 ball pythons
  2 frilled lizards
  7 rats
107 creatures vanquished.

Notes
Turn   | Place    | Note
-------+----------+-------------------------------------------
     0 | D:1      | tof the Minotaur Berserker began the quest for the Orb.
     0 | D:1      | Reached XP level 1. HP: 19/19 MP: 0/0
   113 | D:1      | Reached skill level 4 in Long Blades
   113 | D:1      | Reached XP level 2. HP: 15/27 MP: 1/1
   898 | D:2      | Reached XP level 3. HP: 30/33 MP: 2/2
  1123 | D:2      | Found a bloodstained altar of Trog.
  1593 | D:2      | Found an ancient bone altar of Kikubaaqudgha.
  2024 | D:3      | Reached ** piety under Trog
  2112 | D:3      | Noticed a hand axe
  2114 | D:3      | Noticed a dagger
  2117 | D:3      | Found a hide-covered altar of Uskayaw.
  2144 | D:3      | Reached XP level 4. HP: 28/40 MP: 3/3
  2357 | D:3      | Reached skill level 5 in Long Blades
  2597 | D:3      | Noticed Ijyb
  2613 | D:3      | Killed Ijyb
  2613 | D:3      | Reached XP level 5. HP: 47/47 MP: 4/4
  2759 | D:3      | Noticed cedi's ghost (amateur MiFi)
  2774 | D:3      | Killed cedi's ghost
  3187 | D:4      | Reached XP level 6. HP: 49/55 MP: 5/5
  3200 | D:4      | Reached *** piety under Trog
  3208 | D:4      | Reached skill level 6 in Long Blades
  3221 | D:4      | Reached skill level 5 in Fighting
  3346 | D:4      | Noticed Robin
  3360 | D:4      | Killed Robin
  3421 | D:4      | Found an opulent altar of Gozag.
  3533 | D:4      | Reached XP level 7. HP: 22/61 MP: 6/6
  3715 | D:4      | Noticed a two-headed ogre
  3722 | D:4      | Slain by a two-headed ogre

Vault maps used:
D:1:      dpeg_arrival_yet_another_circle
D:2:      nicolae_overflow_crystal_walls, nicolae_overflow_hidden_temple,
          lemuel_coloured_pillars_altar, serial_park_tiny_pond,
          bh_walls_and_bars
D:3:      minmay_roachtagon, dancing_weapons_uskayaw, uniq_ijyb
D:4:      serial_shops, nicolae_shop_window_shopping,
          nicolae_gozag_seed_capital, uniq_robin, uniq_duvessa

Skill      XL: |  1  2  3  4  5  6 |
---------------+-------------------+-----
Long Blades    | 4 5 6 |  6.8
Fighting       | 4 5 |  5.4
Armour         | 3 4 |  4.6
Dodging        | 3 4 |  4.2

Action                   |  1- 3 |  4- 6 |  7- 9 || total
-------------------------+-------+-------+-------++-------
Melee: Falchion          |    82 |   166 |     3 ||   251
       Headbutt          |    11 |    38 |     1 ||    50
Invok: Berserk           |       |     2 |     1 ||     3
       Trog's Hand       |       |       |     1 ||     1
 Stab: Sleeping          |     1 |       |       ||     1
  Eat: Chunk             |     3 |     7 |     1 ||    11
Armor: Animal skin       |    12 |     6 |       ||    18
       Ring mail         |       |    39 |       ||    39
       Leather armour    |       |     3 |       ||     3
Dodge: Dodged            |    55 |   117 |     3 ||   175
       Rpst.: Falchion   |    17 |    29 |       ||    46

Table legend:
 A = Spawn XP
 B = Non-spawn XP
 C = Spawn XP percentage of total XP
 D = Spawn monster count
 E = Non-spawn monster count
 F = Spawn count percentage of total count
 G = Total turns spent on level
                    A         B        C        D         E        F      G
               +---------+---------+-------+---------+---------+-------+---------
         Total |       0 |     798 |   0.0 |       0 |     107 |   0.0 |  3722
               +---------+---------+-------+---------+---------+-------+---------
           D:1 |       0 |      37 |   0.0 |       0 |      16 |   0.0 |   892
           D:2 |       0 |      38 |   0.0 |       0 |      16 |   0.0 |  1123
           D:3 |       0 |     284 |   0.0 |       0 |      37 |   0.0 |  1145
           D:4 |       0 |     439 |   0.0 |       0 |      38 |   0.0 |   562
               +---------+---------+-------+---------+---------+-------+---------
